 Dungeon Crawl Stone Soup version 0.31.0-4-g52a2dc7128 (webtiles) character file.

Game seed: 12323369820881356946

1731024 ironsdan the Slayer (level 27, 104/175 HPs)
             Began as a Tengu Gladiator on Jan 20, 2024.
             Was a Follower of Uskayaw.
             Escaped with the Orb
             ... and 3 runes on Jan 23, 2024!
             The game lasted 06:56:19 (67930 turns).

ironsdan the Slayer (Tengu Gladiator)              Turns: 67930, Time: 06:56:20

Health: 104/175    AC: 32    Str: 19    XL:     27
Magic:  36/36      EV: 33    Int: 10    God:    Uskayaw [*.....]
Gold:   3423       SH: 27    Dex: 27    Spells: 26/26 levels left

rFire   + + .        b - +6 demon blade (spect)
rCold   + . .        M - +5 kite shield {AC+3}
rNeg    + + .        S - +5 pearl dragon scales "Nunoet" {rC+ rN+ Regen+ Str+2 Dex-5}
rPois   .            d - +1 hat {Will+}
rElec   .            e - scarf {rC+ rF+}
rCorr   .            Z - +2 pair of gloves
SInv    +            (boots unavailable)
Will    +++..        s - amulet "Patocat" {Reflect SH+5 SInv} Stlth
                     X - +9 ring of slaying
HPRegen 1.29/turn    L - ring of Nihilism {Fire *Corrode rN+ Dex+10}
MPRegen 0.25/turn

%: corrode self (3%), reflection, acrobat, clarity
@: flying
A: beak, talons 3, evasive flight, acrobatic, clarity, clumsy 2, frail 1,
MP-powered wands
0: Orb of Zot
}: 3/15 runes: decaying, serpentine, silver
a: Renounce Religion, Stomp


You escaped.
You worshipped Uskayaw.
Uskayaw was most pleased with you.
You visited 12 branches of the dungeon, and saw 50 of its levels.
You visited the Abyss 2 times.
You visited 2 bazaars.
You also visited: Bailey and Gauntlet.

You collected 10314 gold pieces.
You spent 6891 gold pieces at shops.

Inventory:

Hand Weapons
 b - a +6 spectral demon blade (weapon)
 K - a +3 triple sword of holy wrath
Missiles
 y - 103 poisoned darts
 G - 15 silver javelins
Armour
 d - a +1 hat of willpower (worn)
 e - a scarf of resistance (worn)
 E - quicksilver dragon scales
 M - a +5 kite shield of protection (worn)
 S - the +5 pearl dragon scales "Nunoet" (worn) {rC+ rN+ Regen+ Str+2 Dex-5}
   (You found it in a Gauntlet)

   Str+2:     It affects your strength (+2).
   Dex-5:     It affects your dexterity (-5).
   rC+:       It protects you from cold.
   rN+:       It protects you from negative energy.
   Regen+:    It increases your rate of health regeneration.
 Z - a +2 pair of gloves (worn)
Jewellery
 s - the amulet "Patocat" (around neck) {Reflect SH+5 SInv}
   (You took it off a deep elf demonologist on level 4 of the Vaults)

   [amulet of reflection]

   Reflect:   It reflects blocked missile attacks.
   SInv:      It lets you see invisible.
   SH+5:      It affects your SH (+5).
 L - the ring of Nihilism (right hand) {Fire *Corrode rN+ Dex+10}
   (You took it off a minotaur in a Gauntlet)

   [ring of fire]

   Fire:      It enhances your fire magic.
   Dex+10:    It affects your dexterity (+10).
   rF+:       It protects you from fire.
   rC-:       It makes you vulnerable to cold.
   rN+:       It protects you from negative energy.
   *Corrode:  It may corrode you when you take damage.
 X - a +9 ring of slaying (left hand)
Wands
 h - a wand of mindburst (49)
 o - a wand of iceblast (41)
 N - a wand of flame (5)
 W - a wand of digging (6)
Scrolls
 i - a scroll of teleportation
 k - 6 scrolls of amnesia
 u - 12 scrolls of immolation
 v - 3 scrolls of brand weapon
 x - 5 scrolls of enchant armour
 A - a scroll of blinking
 B - 6 scrolls of poison
 D - 7 scrolls of vulnerability
 F - 3 scrolls of revelation
 H - 12 scrolls of identify
 I - 2 scrolls of torment
 R - a scroll of enchant weapon
 V - 2 scrolls of fear
Potions
 a - 7 potions of berserk rage
 f - 8 potions of enlightenment
 j - a potion of might
 l - 4 potions of curing
 n - 6 potions of attraction
 p - 5 potions of brilliance
 q - 9 potions of lignification
 r - 4 potions of magic
 t - 13 potions of degeneration
 w - 3 potions of invisibility
 z - 8 potions of mutation
 C - 2 potions of resistance
 T - a potion of cancellation
Miscellaneous
 O - a phial of floods
 P - a sack of spiders
 Q - a lightning rod (4/4)
 U - a phantom mirror


   Skills:
 + Level 25.7 Fighting
 - Level 22.5 Long Blades
 - Level 15.2 Throwing
 + Level 21.1 Armour
 - Level 23.4 Dodging
 + Level 18.7 Shields
 + Level 17.0 Invocations


You had 26 spell levels left.
You didn't know any spells.
Your spell library contained the following spells:

 Spells                   Type           Power      Damage    Failure   Level
 Foxfire                  Conj/Fire      0%         2x1d4     73%         1
 Kiss of Death            Conj/Necr      0%         2d5       73%         1
 Magic Dart               Conj           0%         1d3       73%         1
 Necrotise                Necr           0%         1d4       73%         1
 Sandblast                Erth           0%         2d4       73%         1
 Shock                    Conj/Air       0%         1d3       73%         1
 Slow                     Hex            0%         N/A       73%         1
 Sting                    Conj/Alch      0%         1d3       73%         1
 Summon Small Mammal      Summ           0%         N/A       73%         1
 Blink                    Tloc           0%         N/A       86%         2
 Call Imp                 Summ           0%         N/A       86%         2
 Cigotuvi's Dreadful Rot  Necr/Alch/Air  0%         N/A       86%         2
 Jinxbite                 Hex            0%         N/A       86%         2
 Lesser Beckoning         Tloc           0%         N/A       86%         2
 Mercury Vapours          Alch/Air       0%         N/A       86%         2
 Momentum Strike          Conj/Tloc      0%         3d8       86%         2
 Searing Ray              Conj           0%         2d4       86%         2
 Static Discharge         Conj/Air       0%         3-3/arc   86%         2
 Sublimation of Blood     Necr           0%         N/A       86%         2
 Call Canine Familiar     Summ           0%         N/A       97%         3
 Confusing Touch          Hex            0%         N/A       97%         3
 Dazzling Flash           Conj/Hex       0%         N/A       97%         3
 Frozen Ramparts          Ice            0%         1d1       97%         3
 Fugue of the Fallen      Necr           0%         N/A       97%         3
 Inner Flame              Hex/Fire       0%         N/A       97%         3
 Mephitic Cloud           Conj/Alch/Air  0%         N/A       97%         3
 Ozocubu's Armour         Ice            0%         N/A       97%         3
 Stone Arrow              Conj/Erth      0%         3d7       97%         3
 Swiftness                Air            0%         N/A       97%         3
 Tukima's Dance           Hex            0%         N/A       97%         3
 Vampiric Draining        Necr           0%         2d6       97%         3
 Volatile Blastmotes      Fire/Tloc      0%         2d10      97%         3
 Airstrike                Air            0%         2d(0-16)  100%        4
 Animate Armour           Summ/Erth      0%         N/A       100%        4
 Brom's Barrelling Bould  Conj/Erth      0%         2d3       100%        4
 Cause Fear               Hex            0%         N/A       100%        4
 Dimensional Bullseye     Hex/Tloc       0%         N/A       100%        4
 Dispel Undead            Necr           0%         3d6       100%        4
 Fulminant Prism          Conj/Alch      0%         3d5       100%        4
 Ignite Poison            Fire/Alch      0%         N/A       100%        4
 Iskenderun's Mystic Bla  Conj/Tloc      0%         2d3       100%        4
 Leda's Liquefaction      Alch/Erth      0%         N/A       100%        4
 Manifold Assault         Tloc           0%         N/A       100%        4
 Martyr's Knell           Necr/Summ      0%         N/A       100%        4
 Petrify                  Alch/Erth      0%         N/A       100%        4
 Sticky Flame             Fire/Alch      0%         2d4       100%        4
 Summon Blazeheart Golem  Fire/Summ      0%         N/A       100%        4
 Summon Lightning Spire   Summ/Air       0%         N/A       100%        4
 Vhi's Electric Charge    Tloc/Air       0%         N/A       100%        4
 Arcjolt                  Conj/Air       0%         1d10      100%        5
 Curse of Agony           Necr           0%         N/A       100%        5
 Fireball                 Conj/Fire      0%         3d3       100%        5
 Freezing Cloud           Conj/Ice/Air   0%         6-21      100%        5
 Irradiate                Conj/Alch      0%         3d11      100%        5
 Iskenderun's Battlesphe  Conj           0%         2d6       100%        5
 Lee's Rapid Deconstruct  Erth           0%         3d4*      100%        5
 Metabolic Englaciation   Hex/Ice        0%         N/A       100%        5
 Silence                  Hex/Air        0%         N/A       100%        5
 Yara's Violent Unravell  Hex/Alch       0%         3d3       100%        5
 Bombard                  Conj/Erth      0%         9d1       100%        6
 Conjure Ball Lightning   Conj/Air       0%         3x3d6     100%        6
 Death Channel            Necr           0%         N/A       100%        6
 Dispersal                Tloc           0%         N/A       100%        6
 Plasma Beam              Fire/Air       0%         2x1d10    100%        6
 Starburst                Conj/Fire      0%         6d3       100%        6
 Orb of Destruction       Conj           0%         9d5       100%        7
 Summon Hydra             Summ           0%         N/A       100%        7
 Borgnjor's Revivificati  Necr           0%         N/A       100%        8
 Discord                  Hex            0%         N/A       100%        8
 Disjunction              Tloc           0%         N/A       100%        8
 Ignition                 Fire           0%         3d3       100%        8
 Infestation              Necr           0%         N/A       100%        8
 Lehudib's Crystal Spear  Conj/Erth      0%         10d2      100%        8
 Maxwell's Capacitive Co  Air            0%         ∞         100%        8
 Dragon's Call            Summ           0%         N/A       100%        9


Dungeon Overview and Level Annotations

Branches:
Dungeon (15/15)            Temple (1/1) D:7            Lair (5/5) D:9
  Swamp (4/4) Lair:3        Snake (4/4) Lair:2        Slime (0/5) Lair:4
    Orc (2/2) D:9             Elf (3/3) Orc:2        Vaults (5/5) D:13
  Crypt (1/3) Vaults:3     Depths (4/4) D:15           Hell (visited)
    Dis (0/7) Hell            Geh (0/7) Hell            Coc (0/7) Hell
    Tar (0/7) Hell            Zot (5/5) Depths:4     Bailey (visited)
Gauntlet (visited)

Altars:
Ashenzari
Cheibriados
Dithmenos
Elyvilon
Fedhas
Gozag
Hepliaklqana
Kikubaaqudgha
Makhleb
Nemelex Xobeh
Okawaru
Qazlal
Ru
Sif Muna
Trog
Uskayaw
Vehumet
Wu Jian
Xom
Yredelemnul
Zin
The Shining One
Jiyva
Lugonu

Shops:
D:1 =   D:7 (   D:10 !   D:11 [   Orc:2 :(:(**   Elf:1 (([!   Elf:3 (
Snake:4 :==   Vaults:2 [   Vaults:3 =   Depths:4 :

Portals:
Hell: Depths:1 Depths:2 Depths:3 Depths:4
Abyss: Depths:2 Depths:3
Pandemonium: Depths:1 Depths:2
Ziggurat: Depths:3

Annotations:
D:4 2 runed translucent doors, Arctor's ghost, amateur KoHs
Elf:2 3 runed translucent doors
Elf:3 2 runed translucent doors, Hihelu's ghost, adept MiBe
Zot:3 1 runed translucent door, runemage's ghost, legendary GnFi
Zot:5 1 runed translucent door, Livid's ghost, legendary TrSh


Innate Abilities, Weirdness & Mutations

You have a beak for a mouth.
You have claws for feet.
Your magical flight helps you evade attacks. (EV +4)
You can magically evade attacks while moving or waiting.
You possess an exceptional clarity of mind.
You are very clumsy. (Dex -4)
You are frail. (-10% HP)
You expend magic power (3 MP) to strengthen your wands.


Message History

The Orb Guardian is heavily wounded.
Your +6 spectral demon blade hits the Orb Guardian!!
You cut the Orb Guardian into ribbons!!!
You kill the Orb Guardian!
Your +6 spectral demon blade disappears.
You can now pass through a line of other dancers.
Your Invocations skill increases to level 17!
An Ice Fiend comes into view.
The Ice Fiend moves out of view.
The Ice Fiend gestures at you. The bolt of cold misses you.
A rust devil comes into view.
The Ice Fiend calls on the powers of darkness!
Your body is wracked with pain!
You block the Ice Fiend's attack. x2
You cut the Ice Fiend into ribbons!!! You claw the Ice Fiend.
You peck the Ice Fiend, but do no damage.
The Ice Fiend is moderately wounded.
Your +6 spectral demon blade hits the Ice Fiend!
You slice the Ice Fiend!! Your kick misses the Ice Fiend.
You peck the Ice Fiend.
The Ice Fiend is severely wounded.
Your +6 spectral demon blade hits the Ice Fiend!
The Ice Fiend gestures at you. The bolt of cold misses you.
You can now pass through a line of other dancers.
You completely miss the Ice Fiend. Your kick misses the Ice Fiend.
Your peck misses the Ice Fiend.
The Ice Fiend is almost dead.
Your +6 spectral demon blade hits the Ice Fiend but does no damage.
The Ice Fiend gestures at your +6 spectral demon blade.
The bolt of cold hits your +6 spectral demon blade!!
Your +6 spectral demon blade resists.
Your spectral weapon shares its damage with you!
You slice the Ice Fiend!!
You kill the Ice Fiend!
Your +6 spectral demon blade disappears.
You can no longer pass through a line of other dancers.
There is a staircase leading out of the dungeon here.
You have escaped!

#.### ## #...# #####.
#.#.# #.....
#########.###.###.
#...........#'# ##
#...........#.####
#...#..#..#.#'##..
#........§..'....#
#@......§.8.######
#...4....≈..'....#
#...#..#..#.#)##..
#...........#.####
#...........#'####
###########.###.....
#.............#.####
###...........#.......
#.............###...##


You could see a rust devil.

Vanquished Creatures
  Frederick (Vaults:5)
  3 dread liches
  3 orbs of fire
  4 ancient liches (Zot:5)
  A juggernaut (Depths:3)
  Vv (Depths:2)
  Sojobo (Depths:2)
  7 Killer Klowns (Zot:5)
  Vashnia (Snake:2)
  Bai Suzhen (Vaults:5)
  Saint Roka (Orc:2)
  2 curse toes (Zot:4)
  Nikola (Swamp:4)
  Geryon (Hell)
  14 golden dragons
  the Enchantress (Depths:1)
  6 electric golems
  A pandemonium lord (Depths:4)
  A walking crystal tome (Depths:2)
  2 Ice Fiends
  A Brimstone Fiend (Zot:1)
  22 tentacled monstrosities
  10 liches
  Jorgrun (Elf:2)
  2 walking earthen tomes
  26 Orb Guardians
  5 titans
  11 quicksilver dragons
  2 deep elf blademasters (Elf:3)
  8 sphinxes
  10 acid blobs (Zot:2)
  A deep elf master archer (Elf:3)
  5 ancient champions (Hell)
  12 death cobs
  2 Executioners (Depths:4)
  2 tentacled starspawn
  A thorn hunter (Swamp:3)
  21 storm dragons
  11 tengu reavers
  Aizul (Snake:2)
  12 shadow dragons
  8 protean progenitors
  3 nagarajas (Snake:4)
  16 frost giants
  10 fire giants
  9 draconian knights
  14 draconian monks
  4 daevas
  5 deep elf sorcerers
  4 deep elf elementalists (Elf:3)
  7 iron dragons
  13 draconian shifters
  21 vault wardens
  22 draconian scorchers
  A balrug (Depths:3)
  4 ghost moths
  3 formless jellyfish
  5 reapers
  A ghoul (Swamp:4)
  9 draconian annihilators
  16 ironbound preservers
  13 draconian stormcallers
  4 ironbound thunderhulks
  5 spriggan defenders
  8 deep elf demonologists
  30 stone giants
  29 very ugly things
  13 green draconians
  7 eleionomae
  3 deep elf death magi (Elf:3)
  11 black draconians
  8 deep elf annihilators
  11 white draconians
  8 vampire knights
  20 red draconians
  An elemental wellspring (Hell)
  26 yellow draconians
  5 war gargoyles
  11 purple draconians
  6 bunyips
  A wendigo (Hell)
  A lorocyproca (D:12)
  A minotaur (Gauntlet)
  5 dire elephants
  A blizzard demon (Depths:2)
  16 ettins
  5 spark wasps
  Snorg (Lair:5)
  9 yaktaur captains
  10 fire dragons
  An entropy weaver (Vaults:2)
  A green death (Hell)
  Josephine (Lair:5)
  Harold (Orc:1)
  2 shambling mangroves (Swamp:3)
  4 rakshasas
  4 deep elf high priests
  9 great orbs of eyes
  Erolcha (D:9)
  13 hydras
  3 salamander tyrants
  25 vault guards (Vaults:4)
  A hell beast (Hell)
  7 ice dragons
  2 jorogumos (Depths:4)
  6 catoblepae
  18 centaur warriors
  5 peacekeepers
  An ogre mage (Vaults:3)
  7 spriggan air magi
  9 boulder beetles
  2 ghost crabs
  8 ironbound frosthearts
  13 anacondas
  An anaconda (shapeshifter) (Vaults:5)
  A sphinx skeleton (Depths:1)
  14 alligators
  A death knight (D:14)
  17 death yaks (Lair:5)
  11 two-headed ogres
  15 naga warriors
  16 dancing weapons
  15 hell hogs
  3 satyrs
  5 deep troll earth magi
  The ghost of laqueoix the Mimic, a novice DrSh of Gozag (D:9)
  11 deep troll shamans
  10 shock serpents
  4 orc high priests
  2 demonic crawlers (Hell)
  20 naga sharpshooters
  2 occultists
  Urug (Orc:1)
  9 spriggan berserkers
  12 tengu warriors
  7 deep elf knights
  A thrashing horror (Abyss:4)
  A fire crab (Lair:5)
  A skyshark (shapeshifter) (Vaults:5)
  12 spriggans
  5 soul eaters
  5 salamander mystics
  4 sixfirhies
  8 iron trolls
  2 shadow wraiths (Hell)
  7 sun demons
  A sea snake (Snake:1)
  2 wretched stars
  A skyshark (Lair:5)
  The ghost of puppums the Cleaver, a novice MiFi of Okawaru (D:7)
  2 skeletal warriors (D:13)
  A goliath frog (Swamp:2)
  A storm dragon skeleton (Depths:1)
  A spatial maelstrom (Abyss:5)
  12 swamp dragons
  A death drake (Swamp:3)
  10 deep elf archers
  11 arcanists
  8 bog bodies
  6 large abominations
  2 spriggan druids
  A flayed ghost (Depths:1)
  2 deep trolls (shapeshifter)
  51 deep trolls
  8 naga ritualists
  14 ironbound convokers
  9 mana vipers
  2 glowing orange brains
  11 lindwurms
  A spectral hydra (Lair:3)
  39 ugly things
  2 starcursed masses (Abyss:3)
  A harpy (Vaults:2)
  7 orc knights
  25 deep elf pyromancers
  10 phantasmal warriors
  8 necromancers
  21 deep elf zephyrmancers
  5 orc sorcerers
  A faun (shapeshifter) (Vaults:5)
  2 oklob plants
  A worldbinder (Abyss:5)
  14 salamanders
  A spectral boulder beetle (Lair:3)
  41 moths of wrath
  4 manticores (D:13)
  2 will-o-the-wisps
  2 frost giant zombies (Depths:1)
  8 cyclopes
  10 elephants (Lair:5)
  An apocalypse crab (Abyss:6)
  14 vault sentinels
  A meliai (D:13)
  A frost giant skeleton (Vaults:2)
  28 slime creatures
  7 guardian serpents
  9 rust devils
  A stone giant skeleton (Depths:1)
  A water nymph (D:15)
  2 titan simulacra (Hell)
  2 water nymphs (shapeshifter)
  42 black mambas
  3 kobold blastminers
  A molten gargoyle (Depths:3)
  4 orange demons (D:15)
  8 cane toads
  19 naga magi
  2 smoke demons
  3 gargoyles
  A storm dragon simulacrum (Depths:1)
  A hellion (D:10)
  14 komodo dragons
  3 rime drakes
  Maggie (D:8)
  7 efreet
  3 ice devils
  2 kobold demonologists
  44 yaktaurs
  3 freezing wraiths (Vaults:4)
  An anaconda simulacrum (Hell)
  3 tengu conjurers
  A red devil (D:15)
  A tormentor (Zot:5)
  3 ancient zymes
  8 trolls
  A merfolk (shapeshifter) (Elf:3)
  7 raiju
  3 tyrant leeches (Swamp:1)
  14 hornets
  3 polar bears
  2 raiju (shapeshifter)
  3 glass eyes
  A spectral dream sheep (Lair:3)
  A tarantella (shapeshifter) (D:14)
  9 blink frogs
  A snapping turtle (shapeshifter) (Depths:3)
  A glass eye (shapeshifter) (Vaults:5)
  2 spriggan skeletons (Depths:1)
  A spriggan zombie (Depths:1)
  2 ettin skeletons
  Sigmund (D:2)
  5 water elementals
  A jumping spider (shapeshifter) (Vaults:4)
  6 shadows
  2 ynoxinuls
  An air elemental (Orc:2)
  8 wyverns
  A warg (Orc:2)
  A vampire (D:13)
  Eustachio (D:4)
  8 wraiths
  15 humans (D:12)
  54 yaks
  5 fire elementals
  A redback (shapeshifter) (Vaults:4)
  2 neqoxecs
  Grum (D:8)
  3 redbacks (Zot:3)
  4 vampire mosquitoes
  A chaos spawn (Gauntlet)
  A steam dragon (D:6)
  4 basilisks
  Menkaure (D:7)
  A spatial vortex (Abyss:5)
  68 nagas
  A harpy simulacrum (Hell)
  A spectral cane toad (Lair:3)
  13 swamp worms
  An ogre zombie (Vaults:2)
  3 acid dragons
  An ogre skeleton (Vaults:2)
  17 water moccasins
  26 orc warriors
  7 swamp drakes
  An ice beast (D:6)
  A tengu skeleton (Depths:1)
  2 sky beasts (D:7)
  A spectral blink frog (Lair:3)
  A human zombie (Vaults:2)
  6 laughing skulls
  5 black bears
  17 ogres
  4 boggarts
  2 small abominations (Abyss:4)
  3 spriggan simulacra
  18 wolves
  A crocodile (shapeshifter) (D:12)
  5 centaurs
  3 phantoms
  16 kobold brigands
  9 bullfrogs
  A gnoll sergeant (D:8)
  2 scorpions
  7 earth elementals
  5 wights (D:6)
  12 killer bees
  2 howler monkeys (D:9)
  2 hounds
  A bombardier beetle (D:5)
  29 jellies
  17 orc priests
  A sleepcap (D:7)
  A bullfrog skeleton (D:4)
  3 iguanas
  25 orc wizards
  Robin (D:3)
  12 gnolls
  8 adders
  2 shadow imps
  2 white imps
  2 ufetubi (D:6)
  3 adder zombies (D:4)
  An adder skeleton (D:4)
  2 dart slugs
  66 orcs
  6 endoplasms
  23 goblins
  17 hobgoblins
  8 jackals (D:3)
  7 quokkas
  5 ball pythons
  4 bats
  2 frilled lizards
  23 kobolds
  6 rats
  An aspiring flesh (Zot:2)
  A fire vortex (Hell)
2361 creatures vanquished.

Vanquished Creatures (others)
  A lich (D:14)
  A daeva (D:14)
  A fire giant (Zot:4)
  A stone giant (Depths:2)
  A thrashing horror (Abyss:5)
  A sun demon (D:14)
  A cherub (D:14)
  A large abomination (Abyss:3)
  A moth of wrath (Zot:4)
  2 ugly things (Depths:2)
  2 bloated husks (Swamp:3)
  A human (D:12)
  A chaos spawn (D:14)
  A laughing skull (Abyss:4)
  3 creeping infernos (Hell)
  A fire vortex (Hell)
  2 foxfires (Swamp:1)
  2 lurking horrors
  41 spectral weapons
  19 starspawn tentacles
84 creatures vanquished.

Grand Total: 2445 creatures vanquished

Notes
Turn   | Place    | Note
-------+----------+-------------------------------------------
     0 | D:1      | ironsdan the Tengu Gladiator began the quest for the Orb.
     0 | D:1      | Reached XP level 1. HP: 12/12 MP: 2/2
   323 | D:1      | Reached XP level 2. HP: 17/17 MP: 3/3
   609 | D:1      | Found Nuyttiotz's One-of-a-Kind Rings.
   808 | D:2      | Noticed Sigmund
   964 | D:2      | Reached skill level 1 in Armour
   992 | D:2      | Reached XP level 3. HP: 21/21 MP: 4/4
  1140 | D:3      | Reached XP level 4. HP: 22/27 MP: 5/5
  1505 | D:3      | Found a faded altar of an unknown god.
  1811 | D:3      | Noticed Robin
  2041 | D:2      | Reached XP level 5. HP: 31/32 MP: 6/6
  2256 | D:3      | Killed Robin
  2323 | D:3      | Reached skill level 3 in Fighting
  2685 | D:4      | Found a runed translucent door.
  2686 | D:4      | Noticed Arctor's ghost (amateur KoHs)
  2872 | D:4      | Noticed Eustachio
  2975 | D:4      | Reached XP level 6. HP: 22/37 MP: 7/7
  3640 | D:4      | Found a runed translucent door.
  3813 | D:5      | Entered Level 5 of the Dungeon
  3819 | D:5      | Gained mutation: Your magical flight helps you evade
                  | attacks. (EV +4) [Tengu growth]
  3819 | D:5      | Reached XP level 7. HP: 30/41 MP: 8/8
  4013 | D:5      | Noticed a yak
  4043 | D:5      | Reached skill level 4 in Fighting
  4043 | D:5      | Reached skill level 5 in Long Blades
  4043 | D:5      | Reached skill level 5 in Dodging
  4313 | D:5      | Reached XP level 8. HP: 48/48 MP: 9/9
  4419 | D:5      | Noticed a yak
  4419 | D:5      | Noticed a yak
  4604 | D:2      | Killed Sigmund
  5002 | D:5      | Killed a yak
  5003 | D:5      | Reached skill level 5 in Fighting
  5050 | D:5      | Reached skill level 5 in Throwing
  5063 | D:5      | Noticed a yak
  5223 | D:6      | Reached skill level 5 in Armour
  5259 | D:6      | Reached XP level 9. HP: 46/54 MP: 10/10
  6766 | D:4      | Killed Eustachio
  7230 | D:7      | Noticed Menkaure
  7233 | D:7      | Killed Menkaure
  7234 | D:7      | Reached skill level 6 in Fighting
  7429 | D:7      | Found an ornate altar of the Wu Jian Council.
  7588 | D:7      | Found a staircase to the Ecumenical Temple.
  7679 | Temple   | Entered the Ecumenical Temple
  7737 | Temple   | Became a worshipper of Uskayaw the Reveller
  7761 | D:7      | Reached * piety under Uskayaw
  7764 | D:7      | Reached XP level 10. HP: 44/61 MP: 11/11
  7900 | D:7      | Found a transporter.
  7901 | D:7      | Noticed puppums's ghost (novice MiFi)
  7901 | D:7      | Noticed a moth of wrath
  7911 | D:7      | Found a transporter.
  7967 | D:7      | Reached ** piety under Uskayaw
  7972 | D:7      | Reached *** piety under Uskayaw
  8245 | D:7      | Found Batsob's Weapon Shoppe.
  8663 | D:8      | Noticed a kobold demonologist
  8682 | D:8      | Reached **** piety under Uskayaw
  8687 | D:8      | Reached ***** piety under Uskayaw
  8688 | D:8      | Killed a kobold demonologist
  8695 | D:8      | Reached ****** piety under Uskayaw
  8726 | D:8      | Reached skill level 7 in Fighting
  9151 | D:8      | Found an ancient bone altar of Kikubaaqudgha.
  9514 | D:8      | Noticed Grum
  9528 | D:8      | Killed Grum
  9684 | D:8      | Noticed a two-headed ogre
  9750 | D:8      | Killed a two-headed ogre
  9751 | D:8      | Reached XP level 11. HP: 68/68 MP: 12/12
  9778 | D:8      | Noticed Maggie
  9813 | D:8      | Killed Maggie
  9877 | D:8      | Found a radiant altar of Vehumet.
  9921 | D:8      | Found an iron altar of Okawaru.
 10246 | D:9      | Found a runed translucent gate.
 10246 | D:9      | Found a runed translucent gate.
 10248 | D:9      | Found a runed translucent gate.
 10250 | D:9      | Found a flagged portal.
 10261 | Bailey   | Entered a bailey
 10465 | Bailey   | Noticed an orc warlord
 10509 | Bailey   | Reached skill level 8 in Fighting
 10635 | Bailey   | Identified the ring "Vyidal" {rPois rCorr}
 10676 | D:9      | Reached skill level 10 in Fighting
 10676 | D:9      | Reached XP level 12. HP: 64/77 MP: 13/13
 10684 | D:9      | Noticed Erolcha
 11006 | D:7      | Killed puppums's ghost
 11096 | D:9      | Noticed a nine-headed hydra
 11096 | D:9      | Noticed laqueoix's ghost (novice DrSh)
 11112 | D:10     | Entered Level 10 of the Dungeon
 11112 | D:10     | Noticed a two-headed ogre
 11154 | D:9      | Found a staircase to the Lair.
 11763 | D:10     | Found Noguc's Distillery.
 12173 | D:10     | Killed a two-headed ogre
 12389 | D:11     | Found Deosh's Antique Armour Emporium.
 12405 | D:11     | Noticed a two-headed ogre
 12439 | D:11     | Reached skill level 1 in Invocations
 12441 | D:11     | Killed a two-headed ogre
 12655 | D:11     | Noticed a boulder beetle
 12672 | D:11     | Killed a boulder beetle
 12673 | D:11     | Reached skill level 10 in Long Blades
 13168 | D:11     | Reached XP level 13. HP: 80/84 MP: 15/15
 13480 | D:11     | Bought a glowing scale mail for 147 gold pieces
 13574 | D:12     | Found a gate leading to a gauntlet.
 13579 | Gauntlet | Entered a Gauntlet
 13579 | Gauntlet | Found a transporter.
 13579 | Gauntlet | Found a transporter.
 13590 | Gauntlet | Found a transporter.
 13594 | Gauntlet | Found a transporter.
 13603 | Gauntlet | Found a transporter.
 13607 | Gauntlet | Found a transporter.
 13611 | Gauntlet | Found a runed translucent door.
 13613 | Gauntlet | Found a runed translucent door.
 13615 | Gauntlet | Found a transporter.
 13632 | Gauntlet | Found the +8 whip "Snakebite" {venom, curare, rPois}
 13634 | Gauntlet | Found a transporter.
 13652 | Gauntlet | Found a transporter.
 13656 | Gauntlet | Found a transporter.
 13668 | Gauntlet | Found a transporter.
 13669 | Gauntlet | Found a transporter.
 13849 | Gauntlet | Reached skill level 11 in Fighting
 13876 | Gauntlet | Identified the ring "Qetz" {+Blink rPois Str-5 Int+2}
 13956 | Gauntlet | Identified the ring of Nihilism {Fire *Corrode rN+ Dex+10}
 13956 | Gauntlet | Noticed a minotaur
 13957 | Gauntlet | Found the +10 Black Knight's barding {ponderous, rPois rN+}
 13975 | Gauntlet | Killed a minotaur
 13985 | Gauntlet | Got the Dissertation on the Map and Debased Words
 13994 | Gauntlet | Identified the +2 cloak of Supple Strength {rC+ Str+6}
 13994 | Gauntlet | Identified the +5 pearl dragon scales "Nunoet" {rC+ rN+
                  | Regen+ Str+2 Dex-5}
 13998 | Gauntlet | Identified the +4 ring mail "Ducief" {Dex+4}
 14149 | D:12     | Identified the amulet "Dytzurphi" {RegenMP rC+ rCorr Int+2
                  | Dex+2}
 14605 | D:13     | Found a gate to the Vaults.
 14671 | D:12     | Reached skill level 10 in Armour
 15213 | D:13     | Noticed a rakshasa
 15450 | D:13     | Reached XP level 14. HP: 91/91 MP: 18/18
 15486 | D:13     | Reached skill level 5 in Invocations
 15488 | D:13     | Reached skill level 12 in Fighting
 15812 | D:13     | Identified the staff of True Grit {rC+ Int+5 Ice}
 15884 | D:13     | Noticed a frost giant
 16581 | D:13     | Killed a frost giant
 17115 | D:9      | Found a staircase to the Orcish Mines.
 17192 | D:9      | Killed Erolcha
 17507 | D:9      | Killed laqueoix's ghost
 17548 | Orc:1    | Entered Level 1 of the Orcish Mines
 17602 | Orc:1    | Noticed Urug
 17619 | Orc:1    | Killed Urug
 17850 | Orc:1    | Reached XP level 15. HP: 86/97 MP: 21/21
 17853 | Orc:1    | Noticed Harold
 17869 | Orc:1    | Killed Harold
 18061 | Orc:2    | Entered Level 2 of the Orcish Mines
 18207 | Orc:2    | Noticed Saint Roka
 18255 | Orc:2    | Killed Saint Roka
 18256 | Orc:2    | Reached skill level 13 in Fighting
 18605 | Orc:2    | Found a staircase to the Elven Halls.
 18672 | Orc:2    | Found Genets's Specific Store.
 18674 | Orc:2    | Found Ekusav's General Store.
 19017 | Orc:2    | Found Odegedal's Book Emporium.
 19017 | Orc:2    | Found Zeovoc's Antique Weapon Shop.
 19019 | Orc:2    | Found Vaaladghi's Book Emporium.
 19019 | Orc:2    | Found Gigeepn's Antique Weapon Shop.
 19030 | Orc:2    | Bought an iridescent scimitar for 225 gold pieces
 19030 | Orc:2    | Identified the +4 scimitar of the Imperium {freeze, Str+2}
                  | (You bought it in a shop on level 2 of the Orcish Mines)
 19265 | D:1      | Bought a +9 ring of slaying for 2482 gold pieces
 19449 | Lair:1   | Entered Level 1 of the Lair of Beasts
 20820 | Lair:2   | Found a staircase to the Snake Pit.
 21600 | Snake:1  | Entered Level 1 of the Snake Pit
 21696 | Lair:3   | Reached skill level 15 in Dodging
 22510 | Lair:3   | Found a staircase to the Swamp.
 22771 | Lair:4   | Found a viscous altar of Jiyva.
 22772 | Lair:4   | Found a staircase to the Slime Pits.
 23155 | Lair:5   | Entered Level 5 of the Lair of Beasts
 23164 | Lair:5   | Reached XP level 16. HP: 102/105 MP: 23/23
 23535 | Lair:5   | Reached skill level 14 in Fighting
 23780 | Lair:5   | Noticed Josephine
 23792 | Lair:5   | Killed Josephine
 24112 | Lair:5   | Noticed Snorg
 24120 | Lair:5   | Killed Snorg
 24306 | Lair:5   | Upgraded the game from 0.31.0-2-g5a2aebc5c2 to
                  | 0.31.0-4-g52a2dc7128
 24473 | Swamp:1  | Entered Level 1 of the Swamp
 25530 | Swamp:2  | Reached XP level 17. HP: 108/112 MP: 25/25
 25694 | Swamp:2  | Got Ryexim's Directory of Execration
 25949 | Swamp:3  | Reached skill level 10 in Invocations
 26084 | Swamp:3  | Reached skill level 15 in Long Blades
 26188 | Swamp:3  | Reached skill level 15 in Fighting
 26566 | Swamp:4  | Entered Level 4 of the Swamp
 27497 | Swamp:4  | Noticed Nikola
 27531 | Swamp:3  | Identified a scroll of acquirement
 27640 | Lair:2   | Acquired a +7 vampiric scimitar
 29190 | Snake:2  | Reached XP level 18. HP: 120/120 MP: 25/27
 29914 | Snake:2  | Identified the +2 whip "Ykhetus" {flame, rC- rN+ rCorr}
 30173 | Snake:3  | Reached skill level 16 in Fighting
 30173 | Snake:3  | Identified the serpent talisman "Ysig Cab" {Stlth+}
 30173 | Snake:3  | Noticed Aizul
 30198 | Snake:2  | Killed Aizul
 30409 | Snake:3  | Noticed Vashnia
 31165 | Snake:2  | Killed Vashnia
 32243 | Snake:4  | Entered Level 4 of the Snake Pit
 32694 | Snake:4  | Found Qyetwo's Book Shop.
 32694 | Snake:4  | Found Saor's Jewellery Emporium.
 32696 | Snake:4  | Found Ycac's Jewellery Emporium.
 33389 | Snake:4  | Reached XP level 19. HP: 105/127 MP: 29/29
 34228 | Snake:4  | Got a serpentine rune of Zot
 34633 | Swamp:4  | Killed Nikola
 34659 | Swamp:4  | Got a decaying rune of Zot
 34969 | Swamp:4  | Identified the +1 orcbow of the Final Decision {elec,
                  | Str+2}
 35377 | Elf:1    | Entered Level 1 of the Elven Halls
 35452 | Orc:2    | Reached skill level 17 in Fighting
 35522 | Elf:1    | Noticed a Brimstone Fiend
 35977 | Elf:1    | Found Bameh's Weapon Boutique.
 35979 | Elf:1    | Found Usobidoss's Antique Armour Shop.
 35982 | Elf:1    | Found Yntea's Distillery.
 35993 | Elf:1    | Bought the +9 great sword "Akoek" {venom, *Noise +Blink
                  | Str+2 Dex+5} for 1326 gold pieces
 36027 | Elf:1    | Found Paih's Weapon Boutique.
 36695 | Elf:2    | Noticed Jorgrun
 36722 | Elf:2    | Killed Jorgrun
 36893 | Elf:2    | Found a runed translucent gate.
 36893 | Elf:2    | Found a runed translucent gate.
 36893 | Elf:2    | Found a runed translucent gate.
 37245 | Elf:3    | Entered Level 3 of the Elven Halls
 37304 | Elf:3    | Found Zappuul's Antique Weapon Shop.
 37366 | Elf:3    | Found a large runed translucent door.
 37371 | Elf:3    | Found a large runed translucent door.
 37440 | Elf:3    | Noticed Hihelu's ghost (adept MiBe)
 37938 | Elf:3    | Reached XP level 20. HP: 114/135 MP: 31/31
 38125 | Elf:3    | Identified the +9 mace of the Modern God {speed, rPois rN++
                  | Int-3 Dex+3}
 38129 | Abyss:2  | Cast into level 2 of the Abyss (a deep elf sorcerer)
 38141 | Abyss:2  | Found a corrupted altar of Lugonu.
 38175 | Abyss:3  | Found an iron altar of Okawaru.
 38188 | Abyss:3  | Found an iron altar of Okawaru.
 38188 | Abyss:3  | Found an iron altar of Okawaru.
 38250 | Elf:3    | Escaped the Abyss
 38756 | Abyss:3  | Cast into level 3 of the Abyss (a deep elf demonologist)
 38840 | Abyss:4  | Found a corrupted altar of Lugonu.
 38985 | Abyss:4  | Found a corrupted altar of Lugonu.
 39061 | Abyss:5  | Found a corrupted altar of Lugonu.
 39175 | Abyss:6  | Reached skill level 18 in Fighting
 39303 | Elf:3    | Escaped the Abyss
 39418 | Elf:3    | Identified the +5 halberd "Big Pel" {antimagic, rN++ Will+
                  | Dex+3 Stlth-}
 39524 | Elf:1    | Bought 2 potions of might for 136 gold pieces
 39524 | Elf:1    | Bought a potion of curing for 51 gold pieces
 39524 | Elf:1    | Bought a potion of heal wounds for 85 gold pieces
 39587 | Elf:3    | Bought a glowing demon blade for 630 gold pieces
 39664 | Elf:3    | Identified the staff of Flawed Execution {*Corrode Will+
                  | Earth Alchemy}
 39694 | Elf:3    | Identified the +9 sling "Putoamne" {flame, Int+3}
 39697 | Elf:3    | Got the Notes on Contamination
 39872 | Elf:3    | Identified the staff "Licomn" {rElec rCorr Int+2 Stlth+
                  | Air}
 39873 | Elf:3    | Identified the +4 hand cannon of Evil {penet, rElec Dex+3}
 39898 | Elf:3    | Identified the +8 spear of Domination {flame, rC++ Will+
                  | Str-2 Int+3}
 40137 | D:10     | Acquired 1250 gold pieces
 40139 | D:10     | Bought a potion of heal wounds for 70 gold pieces
 40139 | D:10     | Bought a potion of heal wounds for 70 gold pieces
 40139 | D:10     | Bought a potion of heal wounds for 70 gold pieces
 40139 | D:10     | Bought a potion of haste for 140 gold pieces
 40139 | D:10     | Bought a potion of heal wounds for 70 gold pieces
 40139 | D:10     | Bought a potion of heal wounds for 70 gold pieces
 40139 | D:10     | Bought a potion of mutation for 112 gold pieces
 40139 | D:10     | Bought a potion of cancellation for 112 gold pieces
 40292 | D:14     | Found a huge runed translucent gate.
 40292 | D:14     | Found a huge runed translucent gate.
 40292 | D:14     | Found a huge runed translucent gate.
 40293 | D:14     | Found a huge runed translucent gate.
 40294 | D:14     | Found a huge runed translucent gate.
 40295 | D:14     | Found a huge runed translucent gate.
 40296 | D:14     | Found a huge runed translucent gate.
 40297 | D:14     | Found a huge runed translucent gate.
 40298 | D:14     | Found a huge runed translucent gate.
 40299 | D:14     | Found a huge runed translucent gate.
 40300 | D:14     | Found a huge runed translucent gate.
 40301 | D:14     | Found a huge runed translucent gate.
 40302 | D:14     | Found a huge runed translucent gate.
 40303 | D:14     | Found a huge runed translucent gate.
 40303 | D:14     | Found a huge runed translucent gate.
 40306 | D:14     | Found a huge runed translucent gate.
 40308 | D:14     | Found a huge runed translucent gate.
 40308 | D:14     | Found a huge runed translucent gate.
 40318 | D:14     | Found a huge runed translucent gate.
 40319 | D:14     | Found a huge runed translucent gate.
 40321 | D:14     | Found a huge runed translucent gate.
 40322 | D:14     | Found a huge runed translucent gate.
 40323 | D:14     | Found a huge runed translucent gate.
 40343 | D:14     | Found a huge runed translucent gate.
 40344 | D:14     | Found a huge runed translucent gate.
 40345 | D:14     | Found a huge runed translucent gate.
 40346 | D:14     | Found a huge runed translucent gate.
 40347 | D:14     | Found a huge runed translucent gate.
 40348 | D:14     | Found a huge runed translucent gate.
 40349 | D:14     | Found a huge runed translucent gate.
 40350 | D:14     | Found a huge runed translucent gate.
 40351 | D:14     | Found a huge runed translucent gate.
 40351 | D:14     | Found a huge runed translucent gate.
 40355 | D:14     | Found a huge runed translucent gate.
 40357 | D:14     | Found a huge runed translucent gate.
 40359 | D:14     | Found a huge runed translucent gate.
 40449 | D:14     | Identified the +2 trident "Giantslayer" {venom, *Slow rPois
                  | Stlth+}
 41147 | D:14     | Identified the ring of Royalty {Wiz rCorr SInv}
 41192 | D:15     | Entered Level 15 of the Dungeon
 41485 | D:15     | Found a sacrificial altar of Ru.
 41785 | D:15     | Found a staircase to the Depths.
 41864 | Vaults:1 | Entered Level 1 of the Vaults
 41965 | Vaults:1 | Reached XP level 21. HP: 142/142 MP: 32/32
 42929 | Vaults:2 | Found Mysaf's Armour Emporium.
 42990 | Vaults:2 | Identified the +6 triple crossbow "Gaisats" {flame, Will+
                  | SInv}
 43019 | Vaults:2 | Paralysed by a formless jellyfish for 1 turns
 43234 | Vaults:2 | Reached skill level 19 in Fighting
 43234 | Vaults:2 | Reached skill level 15 in Invocations
 43966 | Vaults:2 | Reached skill level 1 in Shields
 44802 | Vaults:2 | Paralysed by a sphinx for 5 turns
 45028 | Vaults:3 | Reached XP level 22. HP: 150/150 MP: 34/34
 45173 | Vaults:3 | Found Pirrer's Jewellery Emporium.
 45186 | Vaults:3 | Identified the ring "Pusodudd" {Fly rPois rCorr Int+7
                  | Stlth-}
 45469 | Vaults:3 | Found a staircase to the Crypt.
 45730 | Vaults:3 | Got the Parchment of Bewitchment and Minerals
 46393 | Vaults:4 | Reached skill level 5 in Shields
 46657 | Vaults:4 | Identified the +7 mace of Lag Atsycw {protect, *Noise rElec
                  | Int-2 Dex+8}
 47383 | Vaults:3 | Bought a ring of willpower for 425 gold pieces
 47443 | Vaults:5 | Entered Level 5 of the Vaults
 47444 | Vaults:5 | Noticed Bai Suzhen
 47462 | Vaults:5 | Noticed a golden dragon
 47511 | Vaults:5 | Killed Bai Suzhen
 47512 | Vaults:5 | Reached skill level 10 in Throwing
 47660 | Vaults:4 | Killed a golden dragon
 47750 | Vaults:5 | Reached skill level 20 in Fighting
 47800 | Vaults:5 | Noticed a golden dragon
 47844 | Vaults:5 | Identified the amulet "Patocat" {Reflect SH+5 SInv}
 47857 | Vaults:4 | Killed a golden dragon
 47858 | Vaults:4 | Reached XP level 23. HP: 121/156 MP: 35/35
 48022 | Vaults:5 | Noticed a dread lich
 48024 | Vaults:5 | Paralysed by a dread lich for 3 turns
 48217 | Vaults:4 | Killed a dread lich
 48317 | Vaults:5 | Identified the +2 robe of Elacluit {-Cast rC- Str+9 Dex+4}
 48389 | Vaults:5 | Identified the +9 spear "Etial" {elec, Str+3}
 48413 | Vaults:5 | Got the Vellum of Bolts and Position
 48502 | Vaults:5 | Identified the orb "Tintiz" {light, Will++}
 48502 | Vaults:5 | Noticed Frederick
 48549 | Vaults:5 | Got a silver rune of Zot
 48697 | Vaults:5 | Identified the +11 mace of Luekh {protect, Will+ Dex+5}
 48822 | Vaults:5 | Identified the +4 short sword of Totugol {drain, Will+
                  | Str+4}
 49004 | Vaults:5 | Identified the ring of Gozag's Hope {Int+6 Dex+5}
 49514 | Crypt:1  | Entered Level 1 of the Crypt
 49670 | Depths:1 | Entered Level 1 of the Depths
 49740 | Depths:1 | Found a flickering gateway to a bazaar.
 49749 | Bazaar   | Entered a bazaar
 49749 | Bazaar   | Found Zuacron's Book Boutique.
 49749 | Bazaar   | Found Umaiwuza's Antique Weapon Shop.
 49749 | Bazaar   | Found Xeteag's Jewellery Boutique.
 49749 | Bazaar   | Found Luich's General Store.
 49749 | Bazaar   | Found Ogakyss's Jewellery Boutique.
 49791 | Bazaar   | Bought a scroll of acquirement for 468 gold pieces
 49791 | Bazaar   | Bought a scroll of revelation for 67 gold pieces
 49791 | Bazaar   | Acquired a +1 hat of willpower
 49813 | Depths:1 | Found a runed translucent door.
 49926 | Depths:1 | Found a gateway to Hell.
 50167 | Depths:1 | Found a one-way gate leading to the halls of Pandemonium.
 50333 | Depths:1 | Reached XP level 24. HP: 133/164 MP: 35/35
 50339 | Depths:1 | Identified the +0 plate armour "Forget-Me-Not" {rPois rN+
                  | Will-}
 50834 | Depths:2 | Noticed the Enchantress
 50857 | Depths:1 | Killed the Enchantress
 51075 | Depths:2 | Reached skill level 21 in Fighting
 51193 | Depths:2 | Found a corrupted altar of Lugonu.
 51212 | Depths:2 | Noticed Vv
 51495 | Depths:3 | Found a one-way gate to the infinite horrors of the Abyss.
 51502 | Depths:3 | Found a flickering gateway to a bazaar.
 51592 | Depths:2 | Noticed Sojobo
 51609 | Depths:2 | Reached skill level 10 in Shields
 51638 | Depths:2 | Found a hide-covered altar of Uskayaw.
 51770 | Bazaar   | Entered a bazaar
 51770 | Bazaar   | Found Mesikimu's Antique Weapon Emporium.
 51770 | Bazaar   | Found Pul Darext's Jewellery Shoppe.
 51770 | Bazaar   | Found Feomol's Book Shop.
 51772 | Bazaar   | Found Dufoolur's General Store.
 51772 | Bazaar   | Found Ottab's Magic Scroll Shoppe.
 51812 | Bazaar   | Bought a scroll of fog for 40 gold pieces
 51812 | Bazaar   | Bought a scroll of brand weapon for 95 gold pieces
 51987 | Depths:3 | Found a one-way gateway to a ziggurat.
 52541 | Depths:3 | Noticed a juggernaut
 52551 | Depths:3 | Killed a juggernaut
 52601 | Depths:3 | Reached skill level 15 in Throwing
 52903 | Depths:3 | Reached XP level 25. HP: 166/172 MP: 35/35
 52934 | Depths:4 | Entered Level 4 of the Depths
 52968 | Depths:4 | Found Wilukhligg's Tremendous Tomes.
 54349 | Depths:4 | Found a gate to the Realm of Zot.
 54386 | Zot:1    | Entered Level 1 of the Realm of Zot
 54756 | Depths:2 | Paralysed by an air elemental for 1 turns
 54764 | Depths:2 | Killed Sojobo
 54810 | Depths:2 | Killed Vv
 55793 | Vaults:5 | Killed Frederick
 56440 | Hell     | Entered the Vestibule of Hell
 56440 | Hell     | Noticed Geryon
 56453 | Hell     | Killed Geryon
 56646 | Depths:3 | Reached skill level 22 in Fighting
 56818 | Hell     | Found a gateway to the decaying netherworld of Tartarus.
 56832 | Hell     | Reached skill level 15 in Armour
 56999 | Hell     | Found a gateway to the ashen valley of Gehenna.
 57074 | Hell     | Found a gateway to the Iron City of Dis.
 57158 | Hell     | Found a gateway to the freezing wastes of Cocytus.
 57796 | Zot:1    | Reached XP level 26. HP: 159/180 MP: 35/35
 59033 | Zot:1    | Noticed a dread lich
 59035 | Zot:1    | Noticed a dread lich
 59042 | Zot:2    | Paralysed by a dread lich for 3 turns
 59047 | Zot:2    | Killed a dread lich
 59109 | Zot:1    | Killed a dread lich
 59176 | Zot:1    | Reached skill level 23 in Fighting
 60095 | Zot:1    | Identified the +11 war axe "Qym Nas" {pain, Will++ Dex+3}
 60097 | Zot:1    | Found a faded altar of an unknown god.
 60126 | Zot:1    | Identified the +1 whip of Spite {holy, rN+ Int+2}
 60623 | Zot:2    | Reached skill level 15 in Shields
 60788 | Zot:2    | Reached XP level 27. HP: 178/188 MP: 35/35
 62439 | Zot:3    | Reached skill level 24 in Fighting
 62473 | Zot:3    | Found a runed translucent door.
 62474 | Zot:3    | Noticed runemage's ghost (legendary GnFi)
 64233 | Zot:4    | Noticed an orb of fire
 64430 | Zot:4    | Gained mutation: Potions are less effective at restoring
                  | your health. [an orb of fire]
 64434 | Zot:4    | Killed an orb of fire
 65122 | Zot:5    | Entered Level 5 of the Realm of Zot
 65408 | Zot:5    | Found a runed translucent door.
 65408 | Zot:5    | Noticed Livid's ghost (legendary TrSh)
 65446 | Zot:5    | Reached skill level 25 in Fighting
 65842 | Zot:5    | Noticed an ancient lich
 65858 | Zot:5    | Killed an ancient lich
 66007 | Zot:5    | Noticed an ancient lich
 66007 | Zot:5    | Noticed an orb of fire
 66074 | Zot:5    | Noticed an ancient lich
 66102 | Zot:5    | Killed an ancient lich
 66197 | Zot:5    | Killed an ancient lich
 66390 | Zot:5    | Gained mutation: You sometimes lose your temper in combat.
                  | [an orb of fire]
 66394 | Zot:5    | Gained mutation: You occasionally shout uncontrollably at
                  | your foes. [an orb of fire]
 66397 | Zot:5    | Killed an orb of fire
 66556 | Zot:4    | Lost mutation: You occasionally shout uncontrollably at
                  | your foes. [potion of mutation]
 66556 | Zot:4    | Lost mutation: Potions are less effective at restoring your
                  | health. [potion of mutation]
 66556 | Zot:4    | Gained mutation: You are clumsy. (Dex -2) [potion of
                  | mutation]
 66556 | Zot:4    | Gained mutation: You are dopey. (Int -2) [potion of
                  | mutation]
 66556 | Zot:4    | Gained mutation: You passively dampen the noise of your
                  | surroundings. [potion of mutation]
 66557 | Zot:4    | Lost mutation: You passively dampen the noise of your
                  | surroundings. [potion of mutation]
 66557 | Zot:4    | Lost mutation: You are dopey. (Int -2) [potion of mutation]
 66557 | Zot:4    | Lost mutation: You sometimes lose your temper in combat.
                  | [potion of mutation]
 66557 | Zot:4    | Gained mutation: You expend magic power (3 MP) to
                  | strengthen your wands. [potion of mutation]
 66557 | Zot:4    | Gained mutation: You are frail. (-10% HP) [potion of
                  | mutation]
 66557 | Zot:4    | Gained mutation: You possess an exceptional clarity of
                  | mind. [potion of mutation]
 66831 | Zot:5    | Noticed an ancient lich
 66842 | Zot:5    | Killed an ancient lich
 66851 | Zot:5    | Noticed an orb of fire
 66855 | Zot:5    | Gained mutation: You are very clumsy. (Dex -4) [an orb of
                  | fire]
 66862 | Zot:5    | Killed an orb of fire
 67120 | Zot:5    | Got the Orb of Zot
 67389 | Depths:4 | Noticed Ebrock the pandemonium lord
 67399 | Depths:4 | Killed Ebrock the pandemonium lord
 67437 | Depths:3 | Noticed a seraph
 67488 | Depths:2 | Noticed Qoahuasoa the pandemonium lord
 67546 | D:14     | Noticed a seraph
 67552 | D:14     | Noticed Xocux the pandemonium lord
 67930 | D:$      | Escaped with the Orb!

Illustrated notes

Levels and vault maps discovered:
D:1:      shiori_arrival_oz, layout_loops_ring, fountainhead,
          nicolae_shop_unique_rings, serial_bayou_pond_d
D:2:      layout_loops_cross, uniq_sigmund
D:3:      layout_loops_ring, hellmonk_ecumenical_altar_lost_god,
          grunt_decor_one_mirror, hangedman_decor_points,
          kennysheep_generic_room_9, uniq_robin
D:4:      layout_layer_cave, ebering_ghost_sewer_f, serial_undead,
          serial_undead_b, serial_undead_b, serial_undead_b, serial_undead_e,
          mrwooster_statue_mirror, uniq_eustachio
D:5:      layout_basic
D:6:      layout_layer_cave
D:7:      layout_loops_ring, nicolae_wu_jian_immortal_techniques,
          minmay_temple_entry_butterflies, serial_shops, nicolae_shop_stone,
          gammafunk_ghost_berserking_beasts, uniq_menkaure
D:8:      layout_loops_ring, kiku_gazebo_garden_becter,
          mainiacjoe_overflow_two_lobes, special_room [special_room_kobold],
          worms_lemuel, uniq_maggie, uniq_grum
D:9:      layout_loops_ring, lair_entry_dummy, orc_david_3, enter_bailey_3,
          gammafunk_ghost_hydra_chop, uniq_erolcha
D:10:     layout_loops_ring, serial_shops, shop
D:11:     layout_stronghold, serial_shops, shop
D:12:     layout_roguey, gauntlet_entry_generic, small_statue_intersection
D:13:     minmay_the_grid_square_5x5_5x5
          [minmay_the_grid_square_5x5_half_checkered,
          minmay_the_grid_square_5x5_dogpile, minmay_the_grid_square_5x5_six,
          minmay_the_grid_square_5x5_shrine2, minmay_the_grid_square_5x5_two,
          minmay_the_grid_square_5x5_pentomino_r,
          minmay_the_grid_square_5x5_prize_junk,
          minmay_the_grid_square_5x5_inner_v,
          minmay_the_grid_square_5x5_prize_open,
          minmay_the_grid_square_5x5_mess, minmay_the_grid_square_5x5_eight,
          minmay_the_grid_square_5x5_checkered,
          minmay_the_grid_square_5x5_prize_gold,
          minmay_the_grid_square_5x5_lines, minmay_the_grid_square_5x5_three,
          minmay_the_grid_square_5x5_v,
          minmay_the_grid_square_5x5_prize_monsterx,
          minmay_the_grid_square_5x5_bridge,
          minmay_the_grid_square_5x5_prize_open, minmay_the_grid_square_5x5_meh,
          minmay_the_grid_square_5x5_corner, minmay_the_grid_square_5x5_tie,
          minmay_the_grid_square_5x5_two_walls_b,
          minmay_the_grid_square_5x5_eight_small,
          minmay_the_grid_square_5x5_tri_point], layout_loops_corners,
          david_vaults_3, minmay_misc_feat_tower, grunt_ministairs_8,
          dreamdust_wishing_well, st_stairs_4
D:14:     layout_big_octagon, hangedman_decor_push, door_vault
D:15:     hangedman_depths_entry_try_elsewhere_first, layout_cave_pools,
          nicolae_ru_sacrificial_ziggurat, drop_trap, grunt_ministairs_2,
          minmay_beelzebubs_servants
Temple:   mainiacjoe_temple_bowtie_tessellation
Lair:1:   layout_layer_cave, grunt_megastairs_2
Lair:2:   layout_cave_pods, minmay_snake_entry_spellcaster,
          chequers_serial_rivers_room_b, minmay_lair_oklob_items
Lair:3:   layout_cave_shapes, nicolae_swamp_entry_spooky,
          chequers_serial_rivers_large_a, chequers_serial_rivers_micro_c,
          beast_lair_carwin_2
Lair:4:   layout_long_grid, nicolae_slime_entry_field_trip
Lair:5:   grunt_lair_end_beastmaster, layout_regular_city, serial_bayou_shore_b,
          serial_bayou_shore_b, uniq_snorg, uniq_josephine
Swamp:1:  layout_basic_swamp, evilmike_swamp_ruin_house_1
Swamp:2:  layout_falls_marsh, evilmike_swamp_ruin_house_5
Swamp:3:  nicolae_swamp_wrong_neighborhood, layout_basic_swamp,
          evilmike_swamp_ruin_house_4, nicolae_swamp_tree_isthmus
Swamp:4:  swamp_alternative, layout_basic_swamp, uniq_nikola
Snake:1:  nicolae_snake_shooting_gallery, layout_chambers
Snake:2:  layout_chambers
Snake:3:  layout_rooms, uniq_aizul, uniq_vashnia
Snake:4:  minmay_snake_end_coiled, layout_chambers, drop_trap, minmay_shop_grove
Orc:1:    layout_caves, regret_index_minedec_shroomtown_chain, uniq_harold,
          uniq_urug
Orc:2:    grunt_orc_tribal_feast, layout_caves, basic_altar,
          nicolae_specific_store, uniq_saint_roka
Elf:1:    elf_arrival_002, layout_loops_ring, serial_shops,
          nicolae_shop_tiny_waterfront, evilmike_minifort,
          nicolae_elf_glass_and_crystal_pillar_1, minmay_shop_star
Elf:2:    nicolae_elf_blades_splatter_lattice [nicolae_blade_bullseye],
          layout_loops_cross, uniq_agnes, uniq_jorgrun
Elf:3:    grunt_elf_hall_branching, layout_onion_city,
          ebering_ghost_disaster_area, serial_shops, shop
Vaults:1: nicolae_vaults_wine_cellar, vaults_mumra_minichess_inversion,
          hangedman_vaults_capsules, grunt_vaults_bifocal,
          ontoclasm_vaults_ring_small, vaults_mumra_minichess,
          nicolae_vaults_cochlea, nicolae_vaults_mini_display_case,
          layout_vaults_big_room
Vaults:2: vaults_mumra_bighexcomb, ontoclasm_vaults_gateway,
          nicolae_vaults_steering_wheel, ontoclasm_vaults_ring_large,
          ontoclasm_vaults_ring_square, v_misc_23, nicolae_vaults_trapezoid_1,
          nicolae_vaults_house_1, nicolae_vaults_two_Ls,
          nicolae_vaults_diamond_2, nicolae_vaults_little_squares_6,
          nicolae_vaults_trapezoid_2, nicolae_vaults_border_crossing,
          hangedman_vaults_corner, nicolae_vaults_tetromino_L_1,
          nicolae_vaults_yaktaur_gun_rack, vaults_mumra_hex,
          ontoclasm_vaults_chip, nicolae_vaults_little_squares_1,
          layout_vaults_ring, serial_shops, shop
Vaults:3: ontoclasm_vaults_ring_small, nicolae_vaults_ellipses_ellipsis,
          nicolae_vaults_mitosis, nicolae_vaults_library_corner,
          vaults_room_semicircle, v_misc_12, vaults_room_mumra_shop_pool,
          ontoclasm_vaults_loading_screen, nicolae_vaults_six-pack,
          nicolae_vaults_ring_of_whatevers, nicolae_vaults_closet_pinwheel_2,
          layout_vaults_quadrants, dummy_crypt_entry
Vaults:4: hangedman_vaults_hat, ontoclasm_vaults_chip, nicolae_vaults_tangram_2,
          hangedman_vaults_stagger, vaults_room_hangedman_quadrants,
          nicolae_vaults_shrinking_rooms_1, nicolae_vaults_weapon_check,
          grunt_vaults_hallway_long, layout_vaults_omnibox
Vaults:5: serial_shops, uniq_frederick, uniq_bai_suzhen
Crypt:1:  gammafunk_its_a_trap, layout_chaotic_city, corexii_leaking_fountain,
          uniq_boris
Depths:1: layout_cave_pools, rand_demon_pan_entry_3, serial_shops,
          bzr_entry_water, hell_entry, hangedman_decor_clover_reticule,
          minmay_misc_feat_more_columns, kennysheep_treasure_room
Depths:2: minmay_swirls_squares, layout_basic, hell_entry,
          nicolae_uskayaw_suspiria, grunt_pan_entry_spiral,
          abyss_entry_flame_altar, lemuel_flame_loot_1, minmay_staircase_bubble,
          uniq_vv, uniq_sojobo, uniq_enchantress
Depths:3: hangedman_stitches_corridor, layout_basic, enter_ziggurat_d,
          kennysheep_another_room, serial_shops, bzr_entry_islet,
          pf_hell_entry_great_geh, abyss_entry, serial_bayou_shore_b,
          infiniplex_staircase_river
Depths:4: evilmike_zot_entry_round, layout_gridville, dk_noncrumbling_3,
          hell_entry, nicolae_shop_i_like_big_books, minivault_14,
          item_on_display_a, uniq_grunn, uniq_josephina
Hell
Zot:1:    regret_index_infernal_bastille, layout_gridlike,
          regret_index_zotdec_misc_clamp
Zot:2:    lemuel_acid_trip, layout_cathedral_of_symmetry, st_stairs_3
Zot:3:    layout_basic, hellmonk_ghost_big_iron,
          regret_index_zotdec_barnacled_simple, grunt_ministairs_15, st_stairs_2
Zot:4:    lemuel_halls_of_wrath, layout_basic, grunt_megastairs_4
Zot:5:    layout_basic, hellmonk_ghost_happy_afterlife, skrybe_zot_glass_2

Skill      XL: |  1  2  3  4  5  6  7  8  9 10 11 12 13 14 15 16 17 18 19 20 21 22 23 24 25 26 27 |
---------------+----------------------------------------------------------------------------------+-----
Armour         | 1 2 3 4 5 6 8 9 10 12 13 15 17 21 | 21.1
Long Blades    | 4 5 6 7 8 9 10 11 12 13 14 15 17 18 19 20 21 22 | 22.5
Dodging        | 4 5 6 7 8 11 12 13 14 15 16 17 18 19 20 21 22 23 | 23.4
Fighting       | 3 4 5 6 7 10 11 12 13 14 15 16 17 18 19 20 21 22 23 25 | 25.7
Throwing       | 3 4 5 6 7 8 10 13 15 | 15.2
Invocations    | 2 4 6 8 9 11 12 13 14 15 17 | 17.0
Shields        | 3 6 9 10 13 15 18 | 18.7

Action                     |  1- 3 |  4- 6 |  7- 9 | 10-12 | 13-15 | 16-18 | 19-21 | 22-24 | 25-27 || total
---------------------------+-------+-------+-------+-------+-------+-------+-------+-------+-------++-------
  Melee: Long sword        |    49 |   168 |   104 |       |       |       |       |       |       ||   321
         Kick              |     8 |    43 |    65 |   130 |   439 |   630 |   566 |   756 |   982 ||  3619
         Peck              |     4 |    28 |    44 |    90 |   278 |   406 |   360 |   467 |   583 ||  2260
         Punch             |     1 |     1 |     3 |     6 |    15 |    29 |    13 |       |       ||    68
         Falchion          |       |       |   121 |   392 |   317 |       |       |       |       ||   830
         Whip              |       |       |       |       |     5 |   340 |       |       |       ||   345
         Scimitar          |       |       |       |       |   683 |   894 |   256 |       |       ||  1833
         Great sword       |       |       |       |       |       |       |   286 |       |       ||   286
         Demon blade       |       |       |       |       |       |       |   579 |  1253 |  1502 ||  3334
         Unarmed           |       |       |       |       |       |       |       |     3 |       ||     3
  Throw: Javelin           |       |     1 |    11 |     6 |     1 |       |     3 |       |     2 ||    24
         Throwing net      |       |     1 |     5 |     2 |       |     3 |     1 |       |     1 ||    13
         Dart              |       |       |       |    14 |     3 |     3 |       |       |       ||    20
 Invoke: Stomp             |       |       |       |    12 |     7 |     4 |    10 |       |       ||    33
         Line Pass         |       |       |       |       |     6 |     6 |     3 |     5 |     4 ||    24
         Grand Finale      |       |       |       |       |       |       |       |     3 |     1 ||     4
Ability: Evoke Blink       |       |       |       |       |       |       |     2 |       |       ||     2
  Evoke: Wand              |       |       |     6 |     6 |     1 |     5 |       |     1 |     2 ||    21
         Sack of spiders   |       |       |       |       |     1 |       |       |     1 |     1 ||     3
    Use: Scroll            |       |     1 |     4 |    11 |    15 |     6 |    18 |    20 |    18 ||    93
         Potion            |       |     1 |     1 |     3 |     4 |     5 |    24 |    13 |    24 ||    75
   Stab: Sleeping          |     1 |     1 |       |       |       |       |       |       |       ||     2
         Held in net/web   |       |       |     1 |     1 |       |     7 |     1 |       |       ||    10
         Distracted        |       |       |     1 |       |       |       |     1 |     7 |    47 ||    56
         Paralysed         |       |       |       |    13 |    73 |   101 |   134 |   156 |   128 ||   605
         Confused          |       |       |       |       |     1 |     3 |     1 |     1 |       ||     6
         Petrified         |       |       |       |       |       |     8 |       |       |       ||     8
 Armour: Leather armour    |    19 |   132 |    64 |    34 |       |       |       |       |       ||   249
         Swamp dragon scal |       |       |       |    61 |    15 |       |       |       |       ||    76
         Pearl dragon scal |       |       |       |       |   318 |   596 |   449 |   379 |   419 ||  2161
  Dodge: Dodged            |    44 |   187 |   222 |   404 |  1084 |  1712 |  1616 |   775 |   831 ||  6875
  Block: Kite shield       |       |       |       |       |       |       |   102 |  1031 |  1203 ||  2336
         Reflection        |       |       |       |       |       |       |       |    28 |    34 ||    62
